 Dungeon Crawl Stone Soup version 0.30-a0-913-g9934a0ce24 (webtiles) character file.

Game seed: 18387761535481843936

24 hikkokomori the Firebug (level 3, 0/35 HPs)
             Began as an Ogre Fire Elementalist on Mar 20, 2023.
             Slain by Natasha (4 damage)
             ... on level 1 of the Dungeon.
             The game lasted 00:02:26 (806 turns).

hikkokomori the Firebug (Ogre Fire Elementalist)     Turns: 806, Time: 00:02:26

Health: 0/35       AC:  3    Str: 12    XL:     3   Next: 2%
Magic:  0/6        EV:  9    Int: 18    God:
Gold:   55         SH:  0    Dex:  9    Spells: 3/6 levels left

rFire   . . .      SeeInvis .    d - +1 hand axe (vamp)
rCold   . . .      Faith    .    (no shield)
rNeg    . . .      Spirit   .    a - +0 robe
rPois   .          Reflect  .    (helmet restricted)
rElec   .          Rampage  .    (no cloak)
rCorr   .                        (gloves unavailable)
Will    .....                    (boots unavailable)
Stlth   ++                       (no amulet)
HPRegen 0.25/turn                (no ring)
MPRegen 0.10/turn                (no ring)

@: hasted and slowed
A: large, unfitting armour, tough skin 1
a: no special abilities


You were on level 1 of the Dungeon.
You visited 1 branch of the dungeon, and saw 2 of its levels.

You collected 55 gold pieces.

Inventory:

Hand Weapons
 d - a +1 vampiric hand axe (weapon)
 i - a +2 heavy hand axe
Armour
 a - a +0 robe (worn)
Magical Staves
 g - a staff of conjuration
Scrolls
 c - 3 scrolls of fear {unknown}
 h - a scroll of vulnerability {unknown}
Potions
 b - a potion of magic
 e - 2 potions of haste
 f - a potion of curing {unknown}


   Skills:
 + Level 1.7 Fighting
 - Level 1.7 Dodging
 + Level 1.9 Stealth
 - Level 2.4 Spellcasting
 + Level 1.0 Conjurations
 + Level 3.0 Fire Magic


You had 3 spell levels left.
You knew the following spells:

 Your Spells              Type           Power      Damage    Failure   Level
a - Foxfire               Conj/Fire      36%        2x1d5     8%          1
b - Scorch                Fire           26%        2d6       8%          2

Your spell library contained the following spells:

 Spells                   Type           Power      Damage    Failure   Level
 Inner Flame              Hex/Fire       7%         N/A       28%         3
 Kindle Blastsparks       Fire/Tloc/Air  10%        2d10      34%         3
 Flame Wave               Conj/Fire      9%         2d6       58%         4


Dungeon Overview and Level Annotations

Branches:
Dungeon (2/15)

Altars:

Annotations:
D:1 Natasha


Innate Abilities, Weirdness & Mutations

You are too large for most types of armour.
You have tough skin. (AC +1)


Message History

You feel yourself slow down.
Casting: Scorch (safe; 8% risk of failure)
Confirm with . or Enter, or press ? or * to list all spells.
You conjure some foxfire!
The gnoll barely misses you.
Unknown command.
The foxfire hits Natasha.
Natasha is moderately wounded.
The foxfire hits Natasha but does no damage.
Natasha is moderately wounded.
Natasha barely misses you.
The gnoll hits you from afar with a +0 halberd! x2
Natasha stares at you and mumbles some strange words.
The magic dart hits you.
The gnoll hits you from afar with a +0 halberd!
* * * LOW HITPOINT WARNING * * *
You climb upwards.
There is a stone staircase leading down here.
Unknown command.
Unknown command.
It was a potion of haste.
You feel yourself speed up. Natasha claws you.
* * * LOW HITPOINT WARNING * * *
Unknown command.
Okay, then.
Casting: Foxfire (safe; 8% risk of failure)
Confirm with . or Enter, or press ? or * to list all spells.
Okay, then.
You aren't carrying any items that you can evoke.
You have nothing you can fire or use right now.
Unknown command.
Casting: Foxfire (safe; 8% risk of failure)
Confirm with . or Enter, or press ? or * to list all spells.
You conjure some foxfire!
Natasha misses you.
You hit Natasha but do no damage.
Natasha is moderately wounded.
The foxfire hits Natasha.
Natasha is severely wounded.
The foxfire hits Natasha.
Natasha is almost dead.
Natasha claws you but does no damage. Natasha claws you.
You die...

........#.....#
#######.#.....#
#####.#.....#
###...........#
#.............###
#........###....#
#........#...#..##
#...####.###.#.§.##
#.###
#.....##§@h### #.#
#########.>..# #.#
##.### #.# #.# #.#
#.# ..# #.# ###
#.### # #...#
#######.#


You could see Natasha.

Vanquished Creatures
  3 ball pythons (D:1)
  4 endoplasms (D:1)
  3 goblins (D:1)
  2 hobgoblins (D:1)
  3 bats (D:1)
  A frilled lizard (D:1)
  5 kobolds
  A rat (D:1)
22 creatures vanquished.

Vanquished Creatures (others)
  49 foxfires
49 creatures vanquished.

Grand Total: 71 creatures vanquished

Notes
Turn   | Place    | Note
-------+----------+-------------------------------------------
     0 | D:1      | hikkokomori the Ogre Fire Elementalist began the quest for
                  | the Orb.
     0 | D:1      | Reached XP level 1. HP: 16/16 MP: 3/3
   243 | D:1      | Reached skill level 1 in Fighting
   250 | D:1      | Reached XP level 2. HP: 21/27 MP: 5/5
   435 | D:1      | Reached skill level 3 in Fire Magic
   551 | D:1      | Learned a level 2 spell: Scorch
   692 | D:1      | Reached skill level 1 in Conjurations
   794 | D:2      | Noticed Natasha
   797 | D:2      | Reached XP level 3. HP: 35/35 MP: 4/6
   806 | D:1      | Slain by Natasha

Illustrated notes

Levels and vault maps discovered:
D:1:      lemuel_arrival_muddy, layout_basic
D:2:      minmay_spotlight, layout_basic, basic_altar,
          amcnicky_mini_rare_corridor_liquid, grunt_ministairs_14,
          lemuel_flame_loot_1, uniq_natasha

Skill      XL: |  1  2 |
---------------+-------+-----
Fighting       | 1 |  1.7
Fire Magic     | 3 |  3.0
Conjurations   | 1 |  1.0
Dodging        | |  1.7
Stealth        | |  1.9
Spellcasting   | |  2.4

Action                     || total
---------------------------++-------
  Melee: Hand axe          ||    21
         Unarmed           ||     2
         Punch             ||     1
   Cast: Foxfire           ||    29
         Scorch            ||     1
    Use: Potion            ||     1
   Stab: Sleeping          ||     1
 Armour: Robe              ||    13
  Dodge: Dodged            ||    18

Table legend: (Time is in decaauts)
 A = Elapsed time spent in this place.
 B = Non-inter-level travel time spent in this place.
 C = Inter-level travel time spent in this place.
 D = Time resting spent in this place.
 E = Time spent auto-exploring this place.
 F = Levels seen in this place.
 G = Mean time per level.
                   A        B        C        D        E       F      G
               +--------+--------+--------+--------+--------+-----+--------+
         Total |    814 |    781 |     33 |      0 |    615 |   2 |  407.0 |
       Dungeon |    814 |    781 |     33 |      0 |    615 |   2 |  407.0 |
               +--------+--------+--------+--------+--------+-----+--------+

Top non-repeatable levels by time:
     D:1: 805 daAuts
     D:2: 8 daAuts
